 Dungeon Crawl Stone Soup version 0.22.1-6-g1668fe2c40 (webtiles) character file.

26749 Forgol the Bludgeoner (level 13, -27/115 HPs)
             Began as a Minotaur Berserker on Jan 17, 2019.
             Was a High Priest of Trog.
             Killed from afar by an ice dragon (41 damage)
             ... with a blast of cold
             ... on level 4 of the Lair of Beasts.
             The game lasted 01:01:13 (15104 turns).

Forgol the Bludgeoner (Minotaur Berserker)         Turns: 15104, Time: 01:01:13

Health: -27/115    AC: 21    Str: 26    XL:     13   Next: 0%
Magic:  12/12      EV: 11    Int:  4    God:    Trog [*****.]
Gold:   731        SH: 12    Dex: 11    Spells: 12/12 levels left

rFire    + + .     SeeInvis .   M - +6 flail (drain)
rCold    . . .     Gourm    .   I - +0 shield
rNeg     + + .     Faith    .   i - +3 plate armour
rPois    +         Spirit   .   (helmet restricted)
rElec    .         Reflect  .   C - +1 cloak
rCorr    .         Harm     .   B - +0 pair of gloves "Ysabairr" {*Contam rPois rF+ rN+}
MR       .....                  (no boots)
Stlth    ..........             o - amulet of regeneration
HPRegen  0.69/turn              e - ring of protection from fire
MPRegen  0.13/turn              j - ring of positive energy

@: berserk cooldown, slowed, very slow
A: retaliatory headbutt, horns 2
a: Berserk, Trog's Hand, Brothers in Arms, Renounce Religion


You were on level 4 of the Lair of Beasts.
You worshipped Trog.
Trog was extremely pleased with you.
You were hungry.

You visited 3 branches of the dungeon, and saw 17 of its levels.

You collected 1023 gold pieces.
You spent 292 gold pieces at shops.

Inventory:

Hand Weapons
 b - a +0 quarterstaff of protection
 r - a +2 flail of protection
 z - a +3 great mace of protection
 M - a +6 flail of draining (weapon)
 N - a +0 whip of venom
Missiles
 m - 8 javelins (quivered)
 s - 17 tomahawks
Armour
 i - a +3 plate armour (worn)
 x - the +0 ring mail "Beinemm" {Str+3}
   (You found it on level 6 of the Dungeon)

   It affects your strength (+3).
 B - the +0 pair of gloves "Ysabairr" (worn) {*Contam rPois rF+ rN+}
   (You bought it in a shop on level 8 of the Dungeon)

   It protects you from fire.
   It protects you from poison.
   It protects you from negative energy.
   It causes magical contamination when unequipped.
 C - a +1 cloak (worn)
 I - a +0 shield (worn)
Jewellery
 e - a ring of protection from fire (left hand)
 j - a ring of positive energy (right hand)
 o - an amulet of regeneration (around neck)
 u - a cursed -4 ring of protection {unknown}
 F - an uncursed ring of flight
 G - an uncursed ring of ice
Wands
 a - a wand of polymorph (31)
 f - a wand of paralysis (8)
 k - a wand of enslavement (14)
 p - a wand of random effects (34)
 v - a wand of acid (13)
 w - a wand of flame (14)
 D - a wand of disintegration (12)
Scrolls
 h - 6 scrolls of teleportation
 t - 5 scrolls of remove curse
 y - 6 scrolls of identify
 A - a scroll of fear
 L - a scroll of amnesia {unknown}
Potions
 d - 11 potions of curing
 g - a potion of magic
 l - 2 potions of agility
 n - 4 potions of flight
 q - a potion of brilliance
 E - a potion of heal wounds
 H - a potion of cancellation
 J - a potion of haste {unknown}
Comestibles
 c - 23 rations


   Skills:
 - Level 10.9 Fighting
 - Level 16.1 Maces & Flails
 - Level 10.5 Armour
 - Level 9.8 Dodging
 * Level 10.3 Shields


You had 12 spell levels left.
You didn't know any spells.
Your spell library was empty.

Dungeon Overview and Level Annotations

Branches:
Dungeon (12/15)            Temple (0/1) D:5            Lair (4/6) D:11
 Shoals (0/4) Lair:3        Snake (0/4) Lair:2          Orc (1/2) D:10

Altars:
Dithmenos
Hepliaklqana
Kikubaaqudgha
Nemelex Xobeh
Qazlal
Sif Muna
Xom
Yredelemnul
Zin
The Shining One
Beogh

Shops:
D:8 [

Annotations:
D:8 2 transporters
Lair:3 2 transporters, Feesiwe's ghost, journeyman MiBe
Lair:4 1 runed door, flt's ghost, journeyman TrMo


Innate Abilities, Weirdness & Mutations

You reflexively headbutt those who attack you in melee.
You have a pair of horns on your head.


Message History

The ice dragon is moderately wounded.
You are engulfed in freezing vapours.
* * * LOW HITPOINT WARNING * * *
You sock the ice dragon! You headbutt the ice dragon!!
The ice dragon is severely wounded.
You are engulfed in freezing vapours.
* * * LOW HITPOINT WARNING * * *
The ice dragon bites you!
* * * LOW HITPOINT WARNING * * *
The ice dragon claws you but does no damage.
The ice dragon tramples you but does no damage.
You are too berserk!
You are too berserk!
You feel a strong urge to attack something.
You are no longer berserk.
You are exhausted.
You feel yourself slow down. The ice dragon breathes frost at you.
The blast of cold hits you!
You die...

#...≈##≈≈≈≈...≈≈...#
#..≈≈#.#≈≈≈≈≈≈≈≈≈..#
##..≈≈≈≈≈#≈####≈≈≈..#
#...≈≈≈≈≈≈## #.≈≈...###
##.≈.≈≈≈≈#..###≈≈......
#....≈≈D## .>#≈≈.....#. ##......#
#≈≈.#..#.# #####...^..#
#≈≈≈..#### ########.##....⌠@.#
##≈≈≈..### P..#.....###.#...≈#
##≈≈..##. P...............≈≈###
##≈.....
.............#..≈≈≈≈#######≈...!.
...............≈≈≈≈≈≈≈≈≈#≈≈.#....
.<.............≈≈≈≈≈≈..≈≈≈≈......
...............≈≈≈≈..#..≈≈.......
.................≈..#.......#....
....#######........###.##..#.....


You could see an ice dragon.

Vanquished Creatures
  Fannar (D:10)
  2 hydras
  Harold (D:7)
  3 two-headed ogres
  An unseen horror (D:11)
  A phantasmal warrior (D:11)
  2 ugly things
  An oklob plant (D:11)
  Joseph (D:7)
  A black mamba (Lair:4)
  9 spiny frogs
  Psyche (D:10)
  3 komodo dragons
  A rime drake (Lair:4)
  2 trolls
  A polar bear (Lair:3)
  4 blink frogs
  3 hippogriffs
  3 wyverns
  14 yaks
  A basilisk (Lair:3)
  3 hungry ghosts
  Edmund (D:4)
  2 nagas (Lair:2)
  An acid dragon (D:11)
  5 water moccasins
  9 porcupines
  8 orc warriors
  An ice beast (D:6)
  3 sky beasts (D:9)
  A phantom (D:4)
  A black bear (D:9)
  5 ogres
  9 centaurs
  4 wolves (Lair:1)
  2 big kobolds (D:11)
  5 crocodiles
  15 bullfrogs
  6 scorpions
  10 killer bees
  4 wights (D:7)
  9 howler monkeys
  2 crimson imps
  2 centaur zombies
  A quasit (D:11)
  2 jellies
  A bullfrog skeleton (D:8)
  5 hounds
  13 orc wizards
  6 orc priests
  5 iguanas
  7 worker ants
  Robin (D:3)
  14 adders
  6 gnolls
  3 shadow imps
  3 white imps (Lair:4)
  4 oozes
  An adder zombie (D:9)
  5 adder skeletons
  4 worms
  A dart slug (D:1)
  2 leopard geckos
  37 orcs
  A ball python (D:3)
  5 bats
  A giant cockroach (D:2)
  18 goblins
  6 hobgoblins
  10 jackals
  8 kobolds
  5 quokkas
  3 frilled lizards
  A jackal skeleton (D:4)
  A leopard gecko zombie (D:7)
  A quokka skeleton (D:8)
  8 rats
  A fungus (D:10)
  11 plants (D:11)
365 creatures vanquished.

Vanquished Creatures (collateral kills)
  A hydra (Lair:3)
  A two-headed ogre (D:10)
  A komodo dragon (Lair:3)
  A hippogriff (D:10)
  A warg (Orc:1)
  A naga (Lair:2)
6 creatures vanquished.

Vanquished Creatures (others)
  A leopard gecko (D:7)
  A fungus (Lair:2)
  4 plants
6 creatures vanquished.

Grand Total: 377 creatures vanquished

Notes
Turn   | Place    | Note
-------+----------+-------------------------------------------
     0 | D:1      | Forgol the Minotaur Berserker began the quest for the Orb.
     0 | D:1      | Reached XP level 1. HP: 19/19 MP: 0/0
    76 | D:1      | Reached skill level 4 in Maces & Flails
   494 | D:1      | Reached XP level 2. HP: 26/26 MP: 1/1
   632 | D:2      | Reached skill level 5 in Maces & Flails
   678 | D:2      | Reached XP level 3. HP: 25/31 MP: 2/2
   820 | D:2      | Found a shadowy altar of Dithmenos.
   921 | D:2      | Reached ** piety under Trog
  1131 | D:3      | Noticed Robin
  1143 | D:3      | Killed Robin
  1143 | D:3      | Reached skill level 6 in Maces & Flails
  1143 | D:3      | Reached XP level 4. HP: 39/39 MP: 3/3
  1407 | D:3      | Found a glowing golden altar of the Shining One.
  1581 | D:3      | Reached *** piety under Trog
  1800 | D:3      | Reached skill level 7 in Maces & Flails
  1800 | D:3      | Reached XP level 5. HP: 44/45 MP: 4/4
  2400 | D:4      | Noticed Edmund
  2409 | D:4      | Killed Edmund
  2409 | D:4      | Reached skill level 8 in Maces & Flails
  2409 | D:4      | Reached XP level 6. HP: 51/51 MP: 5/5
  2750 | D:4      | Reached skill level 9 in Maces & Flails
  2911 | D:4      | Reached XP level 7. HP: 43/58 MP: 6/6
  2963 | D:5      | Entered Level 5 of the Dungeon
  3214 | D:5      | Noticed a troll
  3226 | D:5      | Killed a troll
  3273 | D:5      | Reached skill level 10 in Maces & Flails
  3408 | D:5      | Found a hazy altar of Hepliaklqana.
  3433 | D:5      | Reached XP level 8. HP: 34/67 MP: 7/7
  3720 | D:5      | Reached **** piety under Trog
  3861 | D:5      | Found a staircase to the Ecumenical Temple.
  3955 | D:5      | Reached skill level 5 in Fighting
  4245 | D:6      | Got a twisted ring mail
  4342 | D:6      | Reached skill level 11 in Maces & Flails
  4342 | D:6      | Reached skill level 5 in Armour
  4472 | D:6      | Identified the +0 ring mail "Beinemm" {Str+3} (You found it
                  | on level 6 of the Dungeon)
  4811 | D:7      | Noticed a brown ugly thing
  4821 | D:7      | Killed a brown ugly thing
  4821 | D:7      | Reached skill level 5 in Dodging
  4821 | D:7      | Reached XP level 9. HP: 78/78 MP: 8/8
  4906 | D:7      | Found a glowing silver altar of Zin.
  4906 | D:7      | Noticed Joseph
  4908 | D:7      | Paralysed by Joseph for 7 turns
  4921 | D:7      | Reached skill level 12 in Maces & Flails
  4931 | D:7      | Killed Joseph
  5109 | D:7      | Noticed Harold
  5128 | D:7      | Killed Harold
  5128 | D:7      | Reached XP level 10. HP: 88/88 MP: 9/9
  5164 | D:7      | Reached ***** piety under Trog
  5690 | D:8      | Noticed a two-headed ogre
  5879 | D:8      | Found Atioruirey's Armour Shoppe.
  5894 | D:8      | Found a sparkling altar of Nemelex Xobeh.
  5913 | D:8      | You fall through a shaft for 3 floors!
  5913 | D:11     | Found a staircase to the Lair.
  5913 | D:11     | Noticed an oklob plant
  5952 | D:10     | Entered Level 10 of the Dungeon
  5978 | D:10     | Noticed Psyche
  6022 | D:10     | Reached skill level 13 in Maces & Flails
  6182 | D:8      | Killed a two-headed ogre
  6281 | D:8      | Found a deep blue altar of Sif Muna.
  6325 | D:8      | Received a gift from Trog
  6469 | D:8      | Found a basalt altar of Yredelemnul.
  6504 | D:8      | Found a transporter.
  6510 | D:8      | Found a transporter.
  6510 | D:8      | Noticed a two-headed ogre
  6511 | D:8      | Noticed a cyclops
  6527 | D:8      | Noticed a moth of wrath
  6537 | D:8      | Found a stormy altar of Qazlal.
  6547 | D:8      | a moth of wrath changed into a snapping turtle
  6568 | D:8      | Noticed a mana viper
  6568 | D:8      | a redback changed into a mana viper
  6624 | D:8      | Noticed a torpor snail
  6757 | D:8      | Found an ancient bone altar of Kikubaaqudgha.
  6759 | D:8      | Found a shimmering altar of Xom.
  6894 | D:8      | Bought the cursed +0 pair of gloves "Ysabairr" {*Contam
                  | rPois rF+ rN+} for 292 gold pieces
  8028 | D:10     | Reached skill level 14 in Maces & Flails
  8085 | D:10     | Found a staircase to the Orcish Mines.
  8152 | D:10     | Killed Psyche
  8246 | D:10     | Reached XP level 11. HP: 90/97 MP: 10/10
  8260 | D:10     | Noticed Fannar
  8290 | D:10     | Killed Fannar
  8591 | D:10     | Noticed a two-headed ogre
  8604 | D:10     | Killed a two-headed ogre
  9272 | D:11     | Noticed a phantasmal warrior
  9276 | D:11     | Noticed a two-headed ogre
  9284 | D:11     | Killed a phantasmal warrior
  9295 | D:10     | Killed a two-headed ogre
  9896 | D:12     | Noticed a two-headed ogre
  9901 | D:11     | Killed a two-headed ogre
  9901 | D:11     | Reached skill level 15 in Maces & Flails
  9976 | D:11     | Reached skill level 10 in Fighting
 10216 | D:11     | Noticed a cyan ugly thing
 10231 | D:11     | Killed a cyan ugly thing
 10502 | D:11     | Killed an unseen horror
 10940 | Orc:1    | Entered Level 1 of the Orcish Mines
 10940 | Orc:1    | Found a roughly hewn altar of Beogh.
 10941 | Orc:1    | Noticed an orc knight
 10951 | Orc:1    | Noticed an orc high priest
 11394 | D:11     | Killed an oklob plant
 11462 | Lair:1   | Entered Level 1 of the Lair of Beasts
 11556 | Lair:1   | Reached skill level 10 in Armour
 12372 | Lair:2   | Reached XP level 12. HP: 94/107 MP: 11/11
 12563 | Lair:2   | Noticed a four-headed hydra
 12575 | Lair:2   | Killed a four-headed hydra
 12584 | Lair:2   | Reached skill level 16 in Maces & Flails
 12730 | Lair:2   | Found a staircase to the Snake Pit.
 12736 | Lair:2   | Reached skill level 1 in Shields
 13225 | Lair:3   | Reached skill level 5 in Shields
 13354 | Lair:3   | Found a staircase to the Shoals.
 13923 | Lair:3   | Found a transporter.
 13923 | Lair:3   | Noticed Feesiwe's ghost (journeyman MiBe)
 13927 | Lair:3   | Found a transporter.
 14259 | Lair:4   | Found a runed door.
 14440 | Lair:4   | Noticed an eight-headed hydra
 14450 | Lair:3   | Killed an eight-headed hydra
 14590 | Lair:4   | Noticed flt's ghost (journeyman TrMo)
 14634 | Lair:4   | Received a gift from Trog
 14805 | Lair:4   | Reached skill level 10 in Shields
 14892 | Lair:4   | Noticed a five-headed hydra
 14904 | Lair:4   | Killed a five-headed hydra
 14904 | Lair:4   | Reached XP level 13. HP: 115/115 MP: 12/12
 15104 | Lair:4   | Killed from afar by an ice dragon

Skill      XL: |  1  2  3  4  5  6  7  8  9 10 11 12 |
---------------+-------------------------------------+-----
Maces & Flails | 4 5 6 7 8 9 10 11 12 14 15 16 | 16.1
Fighting       | 4 6 7 9 10 | 10.9
Armour         | 3 5 7 8 10 | 10.5
Dodging        | 3 5 6 7 9 |  9.8
Shields        | 10 | 10.3

Action                   |  1- 3 |  4- 6 |  7- 9 | 10-12 | 13-15 || total
-------------------------+-------+-------+-------+-------+-------++-------
Melee: Mace              |    63 |   111 |       |       |       ||   174
       Headbutt          |    11 |    21 |    34 |   137 |     2 ||   205
       Flail             |       |    49 |   188 |   343 |    10 ||   590
       Great mace        |       |       |       |   384 |       ||   384
Throw: Javelin           |       |       |     4 |     6 |       ||    10
Invok: Berserk           |     1 |     2 |     8 |    18 |     1 ||    30
       Brothers in Arms  |       |       |       |     5 |       ||     5
  Use: Potion            |     5 |     2 |       |     4 |       ||    11
       Scroll            |     4 |     1 |    10 |    13 |       ||    28
  Eat: Chunk             |       |     9 |    16 |    38 |     1 ||    64
       Ration            |       |       |       |     5 |       ||     5
Armor: Plate armour      |    39 |    76 |   153 |   483 |     4 ||   755
       Animal skin       |     1 |       |       |       |       ||     1
Dodge: Dodged            |    24 |    59 |    90 |   325 |     5 ||   503
Block: Shield            |       |       |       |   106 |     5 ||   111
